 Dungeon Crawl Stone Soup version 0.21-a0-137-g951aa02 (webtiles) character file.

14782 Charly the Grappler (level 11, -1/106 HPs)
             Began as a Centaur Hunter on July 18, 2017.
             Was an Elder of Wu Jian.
             Slain by a black mamba (9 damage)
             ... on level 2 of the Lair of Beasts on July 19, 2017.
             The game lasted 01:02:29 (6120 turns).

Charly the Grappler (Centaur Hunter)                Turns: 6120, Time: 01:02:30

Health: -1/106     AC: 11    Str: 15    XL:     11   Next: 93%
Magic:  11/11      EV: 11    Int:  8    God:    Wu Jian [****..]
Gold:   414        SH:  0    Dex: 13    Spells: 5/10 levels left

rFire    + . .     SeeInvis .     - Unarmed
rCold    + . .     Gourm    +   (no shield)
rNeg     . . .     Faith    .   y - +1 ring mail {rC+}
rPois    +         Spirit   .   q - +1 helmet
rElec    .         Reflect  .   (no cloak)
rCorr    .         Harm     .   F - +2 pair of gloves
MR       +....                  (no barding)
Stlth    ..........             v - amulet of the gourmand
HPRegen  0.27/turn              f - ring of protection from fire
MPRegen  0.12/turn              p - ring of poison resistance

@: lethally poisoned (-1 -> -16), very quick
A: hooves 3, deformed body, dopey 1, speed 2, magic resistance 1, robust 1,
tough skin 3
a: Serpent's Lash, Renounce Religion


You were on level 2 of the Lair of Beasts.
You worshipped Wu Jian.
Wu Jian was greatly pleased with you.
You were very hungry.

You visited 4 branches of the dungeon, and saw 18 of its levels.
You also visited: Ossuary.

You collected 414 gold pieces.

Inventory:

Hand Weapons
 a - a +2 shortbow of flaming
Missiles
 d - 299 arrows
Armour
 b - a +0 cloak
 q - a +1 helmet (worn)
 y - a +1 ring mail of cold resistance (worn)
 F - a +2 pair of gloves (worn)
Jewellery
 c - an uncursed ring of protection from cold
 f - a ring of protection from fire (left hand)
 i - an uncursed ring of see invisible
 n - an uncursed ring of positive energy
 p - a ring of poison resistance (right hand)
 v - an amulet of the gourmand (around neck)
 B - an uncursed amulet of magic regeneration
Wands
 G - a wand of flame (25/48)
Scrolls
 g - a scroll of immolation
 l - a scroll of fog
 s - 3 scrolls of identify
 t - 3 scrolls of enchant armour
 u - 2 scrolls of amnesia
 w - 5 scrolls of remove curse
Potions
 e - 10 potions of curing
 k - a potion of magic
 r - a potion of agility
 x - 3 potions of mutation
 D - a potion of cancellation
Comestibles
 h - a meat ration
 E - 7 bread rations


   Skills:
 - Level 9.6 Fighting
 - Level 11.2 Bows
 - Level 5.4 Dodging
 - Level 0.4 Stealth
 + Level 13.2 Unarmed Combat


You had 5 spell levels left.
You knew the following spells:

 Your Spells              Type           Power        Failure   Level  Hunger
a - Apportation           Tloc           #.....       65%         1    ##.....
b - Lesser Beckoning      Tloc           #.........   95%         3    ####...
c - Summon Butterflies    Summ           #.......     65%         1    ##.....


Dungeon Overview and Level Annotations

Branches:
Dungeon (13/15)            Temple (1/1) D:7            Lair (2/6) D:9
    Orc (2/2) D:9
  Swamp: Lair:2-4    Shoals: Lair:2-4     Snake: Lair:2-4    Spider: Lair:2-4
    Elf: Orc:2       Vaults: D:13-14

Altars:
Cheibriados
Fedhas
Gozag
Hepliaklqana
Kikubaaqudgha
Makhleb
Nemelex Xobeh
Okawaru
Sif Muna
Uskayaw
Wu Jian
Zin

Shops:
D:8 }

Annotations:
D:9 1 runed door
D:10 exclusion: downstairs


Innate Abilities, Weirdness & Mutations

You have hooves in place of feet.
Armour fits poorly on your strangely shaped body.
You cover ground very quickly.
You have extremely tough skin. (AC +3)
You are dopey. (Int -2)
You are resistant to hostile enchantments. (MR+)
You are robust. (+10% HP)


Message History

You hit the black mamba. Your kick misses the black mamba.
The black mamba is lightly wounded.
The black mamba bites you.
* * * LOW HITPOINT WARNING * * *
You barely miss the black mamba. Your kick misses the black mamba.
The black mamba is lightly wounded.
The black mamba bites you.
* * * LOW HITPOINT WARNING * * *
The black mamba bites you but does no damage.
You miss the black mamba. You kick the black mamba.
The black mamba is lightly wounded.
The black mamba bites you!
* * * LOW HITPOINT WARNING * * *
You are lethally poisoned!
The black mamba poisons you!
You miss the black mamba.
The black mamba is lightly wounded.
* * * LOW HITPOINT WARNING * * *
You feel sick. The black mamba bites you!
You die...

.....#..#
....P...###
.........P###
..........#.# ..
.........?.## ...
.........../##...#
......S......#...#
.......@........#
...............#
..............##
...#P.#.##....#
.............P#
#.#########...###
# ##<..P# #....#
##...$#


You could see a black mamba.

Vanquished Creatures
  Erolcha (D:9)
  2 two-headed ogres
  An unseen horror (D:11)
  A wizard (D:11)
  An orc sorcerer (Orc:1)
  A deep elf mage (D:12)
  A cyclops (D:12)
  A freezing wraith (D:12)
  3 trolls
  3 blink frogs (Lair:1)
  A meliai zombie (D:12)
  3 hippogriffs
  A wyvern (D:11)
  16 yaks
  4 hungry ghosts
  A warg (Orc:1)
  A water moccasin (D:8)
  3 ice beasts
  4 orc warriors
  2 porcupines (D:9)
  A sky beast (D:6)
  A black bear (D:9)
  2 ogres
  A necrophage (D:10)
  2 phantoms
  13 centaurs
  3 crocodiles
  12 bullfrogs
  A troll zombie (D:9)
  2 centaur zombies
  6 crimson imps
  A bullfrog zombie (D:6)
  A bullfrog skeleton (D:10)
  4 hounds
  4 jellies
  2 orc priests (D:7)
  2 centaur skeletons
  7 orc wizards
  2 iguanas
  6 worker ants
  6 ogre zombies (D:9)
  A hound skeleton (D:5)
  A howler monkey skeleton (D:4)
  A river rat (D:5)
  5 adders
  3 shadow imps
  2 adder skeletons
  An adder zombie (D:9)
  A worm (D:2)
  A dart slug (D:1)
  25 orcs
  A ball python (D:4)
  2 bats
  5 giant cockroaches
  4 hobgoblins
  9 jackals
  2 quokkas
  3 frilled lizards
  2 goblins (D:3)
  A goblin skeleton (D:9)
  A goblin zombie (D:9)
  2 hobgoblin skeletons (D:9)
  2 hobgoblin zombies (D:9)
  4 kobolds
  A leopard gecko skeleton (D:9)
  2 orc skeletons (D:9)
  13 orc zombies (D:9)
  A quokka zombie (D:9)
  2 rats
228 creatures vanquished.

Vanquished Creatures (others)
  10 fungi (D:9)
  4 plants (D:9)
14 creatures vanquished.

Grand Total: 242 creatures vanquished

Notes
Turn   | Place    | Note
-------+----------+-------------------------------------------
     0 | D:1      | Charly the Centaur Hunter began the quest for the Orb.
     0 | D:1      | Reached XP level 1. HP: 17/17 MP: 1/1
   159 | D:1      | Reached XP level 2. HP: 24/24 MP: 2/2
   383 | D:4      | Reached XP level 3. HP: 29/29 MP: 3/3
   593 | D:4      | Noticed an ogre
   610 | D:4      | Killed an ogre
   610 | D:4      | Reached XP level 4. HP: 26/36 MP: 4/4
   610 | D:4      | Reached XP level 5. HP: 30/41 MP: 5/5
   724 | D:5      | Entered Level 5 of the Dungeon
   942 | D:5      | Noticed an ice beast
  1049 | D:5      | Killed an ice beast
  1049 | D:5      | Reached XP level 6. HP: 27/50 MP: 6/6
  1181 | D:5      | Found a glowing silver altar of Zin.
  1269 | D:6      | Noticed a sky beast
  1319 | D:6      | Killed a sky beast
  1322 | D:6      | Gained mutation: You occasionally shout uncontrollably at your foes. [mutagenic meat]
  1324 | D:6      | Gained mutation: You are dopey. (Int -2) [mutagenic meat]
  1325 | D:6      | Lost mutation: You are dopey. (Int -2) [mutagenic meat]
  1326 | D:6      | Gained mutation: Your magical capacity is low. (-10% MP) [mutagenic meat]
  1341 | D:5      | Reached skill level 10 in Bows
  1476 | D:6      | Reached XP level 7. HP: 51/57 MP: 6/6
  1652 | D:7      | Found an iron altar of Okawaru.
  1748 | D:7      | Found a staircase to the Ecumenical Temple.
  1850 | Temple   | Entered the Ecumenical Temple
  1884 | Temple   | Became a worshipper of the Wu Jian Council
  2018 | D:7      | Reached skill level 1 in Unarmed Combat
  2018 | D:7      | Reached XP level 8. HP: 61/67 MP: 7/7
  2086 | D:7      | Reached skill level 2 in Unarmed Combat
  2114 | D:7      | Found a sand-covered staircase.
  2119 | Ossuary  | Entered an ossuary
  2208 | D:7      | Noticed a hippogriff
  2244 | D:7      | Killed a hippogriff
  2244 | D:7      | Reached skill level 4 in Unarmed Combat
  2356 | D:8      | Noticed a hippogriff
  2409 | D:7      | Killed a hippogriff
  2409 | D:7      | Reached skill level 5 in Unarmed Combat
  2433 | D:8      | Noticed a two-headed ogre
  2518 | D:8      | Killed a two-headed ogre
  2518 | D:8      | Reached skill level 7 in Unarmed Combat
  2518 | D:8      | Reached XP level 9. HP: 72/72 MP: 8/8
  2547 | D:10     | Entered Level 10 of the Dungeon
  2560 | D:10     | Reached skill level 8 in Unarmed Combat
  2664 | D:10     | Reached skill level 9 in Unarmed Combat
  3026 | D:11     | Reached skill level 10 in Unarmed Combat
  3029 | D:11     | Reached skill level 5 in Fighting
  3033 | D:11     | Reached * piety under Wu Jian
  3163 | D:10     | Reached XP level 10. HP: 34/81 MP: 9/9
  3264 | D:10     | Noticed a two-headed ogre
  3295 | D:10     | Killed a two-headed ogre
  3325 | D:9      | Found a staircase to the Orcish Mines.
  3355 | D:9      | Noticed Erolcha
  3540 | D:9      | Found a runed door.
  3643 | D:11     | Reached skill level 11 in Unarmed Combat
  3703 | D:12     | Noticed a deep elf mage
  3733 | D:11     | Noticed a wizard
  3833 | D:12     | Noticed a cyclops
  3930 | D:11     | Lost mutation: Your magical capacity is low. (-10% MP) [potion of mutation]
  3930 | D:11     | Lost mutation: You occasionally shout uncontrollably at your foes. [potion of mutation]
  3930 | D:11     | Gained mutation: You are resistant to hostile enchantments. (MR+) [potion of mutation]
  3930 | D:11     | Gained mutation: You are dopey. (Int -2) [potion of mutation]
  3930 | D:11     | Gained mutation: You are robust. (+10% HP) [potion of mutation]
  3969 | D:9      | Reached ** piety under Wu Jian
  4167 | D:9      | Reached skill level 12 in Unarmed Combat
  4171 | Orc:1    | Entered Level 1 of the Orcish Mines
  4182 | Orc:1    | Noticed an orc sorcerer
  4329 | D:9      | Killed Erolcha
  4329 | D:9      | Reached XP level 11. HP: 81/101 MP: 11/11
  4430 | D:9      | Found a staircase to the Lair.
  4473 | D:8      | Found an opulent altar of Gozag.
  4515 | D:8      | Reached *** piety under Wu Jian
  4519 | D:8      | Found Ozutedey's Gadget Boutique.
  4561 | D:8      | Noticed a centaur warrior
  4572 | D:8      | HP: 5/101 [centaur warrior/arrow (17)]
  4740 | D:12     | Killed a deep elf mage
  4740 | D:12     | Reached skill level 5 in Dodging
  4829 | D:11     | Killed a wizard
  4876 | D:11     | Noticed an unseen horror
  4893 | D:11     | Killed an unseen horror
  5057 | D:12     | Learned a level 1 spell: Apportation
  5061 | D:12     | Learned a level 3 spell: Lesser Beckoning
  5063 | D:12     | Learned a level 1 spell: Summon Butterflies
  5150 | D:12     | You fall through a shaft!
  5150 | D:13     | Noticed an enchanted long sword
  5502 | D:12     | Reached **** piety under Wu Jian
  5523 | D:13     | Noticed a two-headed ogre
  5853 | D:10     | HIDEEEEEEEEEEEEEEEE
  5966 | Orc:1    | Killed an orc sorcerer
  5966 | Orc:1    | Reached skill level 13 in Unarmed Combat
  5984 | Orc:2    | Entered Level 2 of the Orcish Mines
  5984 | Orc:2    | Noticed a two-headed ogre
  6040 | Lair:1   | Entered Level 1 of the Lair of Beasts
  6120 | Lair:2   | Slain by a black mamba

Vault maps used:
D:1:      shiori_arrival_elements
D:2:      elyvilon_altar_5
D:3:      lemuel_coloured_pillars_altar
D:4:      nicolae_dithmenos_the_darkroom, first_bread, guppyfry_early_lair_pool
D:5:      kennysheep_mini, overflow_temple_1_default, gup_sewer_entry_spiral
D:6:      uniq_menkaure
D:7:      minmay_blocky_corners, old_standard_altar, temple_green,
          nicolae_ossuary_entry_monument, grunt_ogre_cave, serial_park_tiny_1,
          minmay_fountain_box
D:8:      minmay_ornate_pinched, serial_shops, nicolae_shop_crystal,
          nicolae_gozag_cash_rules_everything_around_me
D:9:      grunt_lair_entry_orc_guard_hut, zombieorc2_lemuel, serial_shops,
          nicolae_shop_window_shopping, minmay_stone_trees_small,
          minmay_st_funbox, uniq_erolcha
D:11:     lightli_wizard_tower
D:13:     erik_vaults_1
Temple:   eino_temple_rhombus
Orc:1:    basic_altar, bloody_trog
Orc:2:    st_orc_pillars, nicolae_orc_damp_corner
Ossuary:  ossuary_minmay_four_chambers

Skill      XL: |  1  2  3  4  5  6  7  8  9 10 11 |
---------------+----------------------------------+-----
Bows           | 6 8 9 10 11 | 11.2
Fighting       | 3 4 5 7 9 |  9.6
Dodging        | 2 3 4 5 |  5.4
Unarmed Combat | 1 7 10 12 13 | 13.2
Stealth        | |  0.4

Action                   |  1- 3 |  4- 6 |  7- 9 | 10-12 || total
-------------------------+-------+-------+-------+-------++-------
Melee: Short sword       |    39 |    17 |     7 |       ||    63
       Kick              |     2 |     5 |    25 |   102 ||   134
       Unarmed           |       |       |    65 |   414 ||   479
       Punch             |       |       |     4 |    20 ||    24
       Shortbow          |       |       |       |     1 ||     1
 Fire: Shortbow          |    70 |    87 |   228 |   212 ||   597
  Use: Scroll            |       |     5 |     4 |    16 ||    25
       Potion            |       |       |     3 |     4 ||     7
  Eat: Chunk             |       |     5 |     3 |     1 ||     9
       Fruit             |       |       |     2 |       ||     2
       Meat ration       |       |       |       |     4 ||     4
       Bread ration      |       |       |       |     1 ||     1
Armor: Leather armour    |    16 |    16 |       |       ||    32
       Ring mail         |       |     4 |    45 |   167 ||   216
       Skin              |       |       |    58 |       ||    58
Dodge: Dodged            |    28 |    15 |    33 |   197 ||   273
